 Seeded DCSS version 0.30-a0-373-gd37427bb62 (webtiles) character file.

Game seed: 16224117804275112263 (custom seed)

21 flotson the Sneak (level 2, -8/22 (24) HPs)
             Began as a Demonspawn Delver on Nov 24, 2022.
             Mangled by Terence
             ... wielding a +0 short sword
              (10 damage)
             ... on level 2 of the Dungeon.
             The game lasted 00:01:26 (494 turns).

flotson the Sneak (Demonspawn Delver)                Turns: 494, Time: 00:01:32

HP:   -8/22 (24)    AC: 11    Str: 12    XL:     2   Next: 62%
MP:   11/11         EV:  9    Int: 11    God:
Gold: 0             SH:  0    Dex: 14    Spells: 1/1 levels left

rFire   . . .      SeeInvis +    j - +1 hand axe (elec)
rCold   . . .      Faith    .    (no shield)
rNeg    + . .      Spirit   .    h - +5 scale mail of Mumblety Peg {rN+ MP+9 SInv}
rPois   .          Reflect  .    (no helmet)
rElec   .          Harm     .    (no cloak)
rCorr   .          Rampage  .    (no gloves)
Will    +....                    (no boots)
Stlth   +.........               (no amulet)
HPRegen 0.23/turn                i - ring of willpower
MPRegen 0.24/turn                (no ring)

@: drained
A: magic regeneration
a: no special abilities


You were on level 2 of the Dungeon.
You visited 1 branch of the dungeon, and saw 4 of its levels.

Inventory:

Hand Weapons
 a - a +0 spear
 j - a +1 hand axe of electrocution (weapon)
Armour
 b - a +0 leather armour
 h - the +5 scale mail of Mumblety Peg (worn) {rN+ MP+9 SInv}
   (You found it on level 5 of the Dungeon)

   rN:        It protects you from negative energy.
   MP:        It affects your magic capacity (+9).
   SInv:      It lets you see invisible.
Jewellery
 i - a ring of willpower (left hand)
Wands
 g - a wand of digging (3)
Scrolls
 c - a scroll of fog
 d - a scroll of magic mapping
 e - a scroll of fear
 f - a scroll of identify {unknown}


   Skills:
 + Level 3.2 Fighting
 - Level 1.7 Polearms
 + Level 0.8 Armour
 + Level 2.1 Dodging
 - Level 4.5 Stealth
 + Level 0.9 Evocations


You had one spell level left.
You didn't know any spells.
Your spell library was empty.

Dungeon Overview and Level Annotations

Branches:
Dungeon (5/15)
 Temple: D:4-7

Altars:

Shops:
D:4 (

Annotations:
D:2 Terence


Innate Abilities, Weirdness & Mutations

You regenerate magic rapidly.


Message History

Terence shouts!
A frilled lizard comes into view.
The hobgoblin hits you.
You barely miss the hobgoblin. Your punch misses the hobgoblin.
Terence drinks a potion.
Terence goes berserk!
The hobgoblin misses you.
You completely miss the hobgoblin.
The hobgoblin hits you but does no damage.
You barely miss Terence. You hit the hobgoblin. Terence closely misses you.
The hobgoblin hits you but does no damage.
Terence completely misses you. The hobgoblin hits you.
You hit the hobgoblin but do no damage.
The hobgoblin is heavily wounded.
You hit Terence but do no damage. Terence hits you but does no damage.
The hobgoblin closely misses you. Terence hits you but does no damage.
You hit the hobgoblin.
You kill the hobgoblin!
You hit Terence but do no damage. Terence hits you but does no damage.
Terence hits you with a +0 short sword.
You hit Terence.
Terence is lightly wounded.
You closely miss the frilled lizard. Terence hits you but does no damage.
The frilled lizard bites you but does no damage.
Terence hits you but does no damage.
You hit Terence but do no damage.
Terence is lightly wounded.
You miss the frilled lizard. The frilled lizard barely misses you.
Terence hits you with a +0 short sword.
The frilled lizard bites you but does no damage.
You barely miss Terence.
Terence is lightly wounded.
You barely miss the frilled lizard.
Terence hits you with a +0 short sword. x2
The frilled lizard bites you.
You hit Terence.
Terence is moderately wounded.
You hit the frilled lizard.
You kill the frilled lizard!
Terence hits you with a +0 short sword!
* * * LOW HITPOINT WARNING * * *
Terence hits you with a +0 short sword!
You die...

###### .. ...##
#####..# #
....##.##########
..
....'...)........
...
....#####.#######
.... ....#
#...#######.....
....#
###.#....@......
....#
#.....@†......
....#
##............
....#
#............
....#
#.........#..
....# ##...$....#
. ....#
#........#
....###
#######..(.
......# ###.
....#.#


You could see Terence (berserk).

Vanquished Creatures
  An adder (D:5)
  A dart slug (D:4)
  A ball python (D:2)
  A goblin (D:2)
  2 hobgoblins (D:2)
  A quokka (D:2)
  2 frilled lizards (D:2)
  A kobold (D:2)
  A rat (D:2)
11 creatures vanquished.

Notes
Turn   | Place    | Note
-------+----------+-------------------------------------------
     0 | D:5      | flotson the Demonspawn Delver began the quest for the Orb.
     0 | D:5      | Reached XP level 1. HP: 18/18 MP: 1/1
    20 | D:5      | Gained mutation: You regenerate magic rapidly. [demonic
                  | ancestry]
    20 | D:5      | Reached XP level 2. HP: 16/24 MP: 2/2
    20 | D:5      | Identified the +5 scale mail of Mumblety Peg {rN+ MP+9
                  | SInv}
   135 | D:4      | Found Simp's Antique Weapon Boutique.
   483 | D:2      | Noticed Terence
   494 | D:2      | Mangled by Terence

Illustrated notes

Levels and vault maps discovered:
D:2:      layout_basic, uniq_terence
D:3:      layout_basic, minmay_vboxes
D:4:      layout_rooms, nicolae_overflow_squiral, lemuel_doored_altar,
          serial_shops, nicolae_shop_overgrown_old_shop, uniq_robin
D:5:      layout_rooms, kennysheep_little_box, minmay_holes

Skill      XL: |  1 |
---------------+----+-----
Dodging        | 2 |  2.1
Fighting       | |  3.2
Polearms       | |  1.7
Armour         | |  0.8
Stealth        | |  4.5
Evocations     | |  0.9

Action                   || total
-------------------------++-------
Melee: Spear             ||    41
       Hand axe          ||    13
  Use: Potion            ||     1
 Stab: Sleeping          ||     1
Armor: Leather armour    ||     2
       Scale mail        ||    42
Dodge: Dodged            ||    42

Table legend: (Time is in decaauts)
 A = Elapsed time spent in this place.
 B = Non-inter-level travel time spent in this place.
 C = Inter-level travel time spent in this place.
 D = Time resting spent in this place.
 E = Time spent auto-exploring this place.
 F = Levels seen in this place.
 G = Mean time per level.
                   A        B        C        D        E       F      G
               +--------+--------+--------+--------+--------+-----+--------+
         Total |    476 |    476 |      0 |     53 |    242 |   4 |  119.0 |
       Dungeon |    476 |    476 |      0 |     53 |    242 |   4 |  119.0 |
               +--------+--------+--------+--------+--------+-----+--------+

Top non-repeatable levels by time:
     D:2: 299 daAuts
     D:4: 103 daAuts
     D:5: 42 daAuts
     D:3: 31 daAuts
